 Dungeon Crawl Stone Soup version 0.28.0-53-g5a82cb258f (webtiles) character file.

Game seed: 5409615119520826981

41 cbfl8 the Skirmisher (level 3, -1/34 HPs)
             Began as a Minotaur Berserker on July 23, 2022.
             Was a Follower of Trog.
             Succumbed to Robin's poison
             ... on level 2 of the Dungeon.
             The game lasted 00:00:28 (910 turns).

cbfl8 the Skirmisher (Minotaur Berserker)            Turns: 910, Time: 00:00:29

Health: -1/34      AC:  2    Str: 21    XL:     3   Next: 32%
Magic:  2/2        EV: 12    Int:  4    God:    Trog [*.....]
Gold:   46         SH:  0    Dex: 11    Spells: 2/2 levels left

rFire   . . .      SeeInvis .   a - +0 hand axe
rCold   . . .      Faith    .   (no shield)
rNeg    . . .      Spirit   .   b - +0 animal skin
rPois   .          Reflect  .   (helmet restricted)
rElec   .          Harm     .   (no cloak)
rCorr   .          Rampage  .   (no gloves)
Will    .....                   (no boots)
Stlth   +.........              (no amulet)
HPRegen 0.11/turn               (no ring)
MPRegen 0.08/turn               (no ring)

@: lethally poisoned (-1 -> -4), on berserk cooldown, slowed, very slow
A: horns 2, retaliatory headbutt
a: Renounce Religion, Berserk


You were on level 2 of the Dungeon.
You worshipped Trog.
Trog was aware of your devotion.
You visited 1 branch of the dungeon, and saw 2 of its levels.

You collected 46 gold pieces.

Inventory:

Hand Weapons
 a - a +0 hand axe (weapon)
Armour
 b - a +0 animal skin (worn)
Scrolls
 c - a scroll of noise {unknown}
 d - a scroll of fear {unknown}


   Skills:
 + Level 4.4 Fighting
 + Level 4.2 Axes
 + Level 2.5 Armour
 + Level 2.8 Dodging


You had 2 spell levels left.
You didn't know any spells.
Your spell library was empty.

Dungeon Overview and Level Annotations

Branches:
Dungeon (2/15)

Altars:


Innate Abilities, Weirdness & Mutations

You have a pair of horns on your head.
You reflexively headbutt those who attack you in melee.


Message History

You have reached level 3!
Your experience leads to an increase in your attributes!
Increase (S)trength, (I)ntelligence, or (D)exterity?
You feel agile. x2
Unknown command.
A hobgoblin comes into view.
Robin hits you with a +2 spear of venom.
You are poisoned.
Items here: )) ††.
Unknown command.
You hit Robin.
Robin is moderately wounded.
You feel sick.
Unknown command.
You slash Robin!
You kill Robin!
Trog accepts your kill.
You hit the hobgoblin.
You feel sick. The hobgoblin hits you.
You feel sick.
Things that are here:
a +2 spear of venom; a +0 animal skin; a +0 helmet Unknown command.
Unknown command.
You feel a strong urge to attack something.
You are no longer berserk.
You are exhausted.
You feel yourself slow down.
You feel sick.
A goblin comes into view. It is wielding a +0 dagger.
The hobgoblin hits you!
* * * LOW HITPOINT WARNING * * *
Items here: )) ††.
You hit the hobgoblin.
You kill the hobgoblin!
Trog accepts your kill.
* * * LOW HITPOINT WARNING * * *
You feel sick.
You hit the goblin.
The goblin is severely wounded.
You hit the hobgoblin.
You die...

#.# #.#
##....# #.#
..... . #.#
#...##.# #.#
......# #.#
########....#
#.#
.........$.##
#>#
#...#..##.##
#.#
#.....)g@gg#
#.#
#...#.####...#
#.# ...## #.#
#.## #.# . #.#
... #.##.. #.#
##. #.##.# #.#
# #.##.# #.#
#.##.# ##.#
#.##.# #..#


You could see a hobgoblin and 2 goblins.

Vanquished Creatures
  Robin (D:2)
  3 giant cockroaches
  7 goblins
  5 hobgoblins
  3 ball pythons (D:1)
  3 bats (D:1)
  A frilled lizard (D:1)
  2 kobolds (D:1)
  A rat (D:1)
26 creatures vanquished.

Notes
Turn   | Place    | Note
-------+----------+-------------------------------------------
     0 | D:1      | cbfl8 the Minotaur Berserker began the quest for the Orb.
     0 | D:1      | Reached XP level 1. HP: 19/19 MP: 0/0
   276 | D:1      | Reached XP level 2. HP: 27/27 MP: 1/1
   895 | D:2      | Noticed Robin
   904 | D:2      | Reached XP level 3. HP: 22/34 MP: 2/2
   906 | D:2      | Killed Robin
   909 | D:2      | HP: 1/34 [poisoned by Robin]
   910 | D:2      | Succumbed to Robin's poison

Illustrated notes

Levels and vault maps discovered:
D:1:      psy_arrival_basics, layout_loops_ring
D:2:      minmay_wonky_spiral, layout_loops_ring,
          shapermc_ecumenical_altar_flowoftime, serial_shops,
          nicolae_shop_hallway_stairs, minmay_octomino_e4, uniq_robin

Skill      XL: |  1  2 |
---------------+-------+-----
Axes           | 4 |  4.2
Fighting       | 4 |  4.4
Armour         | |  2.5
Dodging        | |  2.8

Action                   || total
-------------------------++-------
Melee: Hand axe          ||    40
       Headbutt          ||     6
       Punch             ||     1
Invok: Berserk           ||     1
Armor: Animal skin       ||    11
Dodge: Dodged            ||    32
